 Dungeon Crawl Stone Soup version 0.26.1-11-gd32895ea62 (webtiles) character file.

Game seed: 11614482503987962662

95 nothank2 the Changer (level 4, -1/35 HPs)
             Began as a Draconian Transmuter on June 24, 2021.
             Slain by a gnoll
             ... wielding a +0 spear
              (4 damage)
             ... on level 2 of the Dungeon.
             The game lasted 00:03:21 (1711 turns).

nothank2 the Changer (Draconian Transmuter)         Turns: 1711, Time: 00:03:22

Health: -1/35      AC:  6    Str: 13    XL:     4   Next: 39%
Magic:  8/9        EV: 12    Int: 14    God:
Gold:   77         SH:  0    Dex: 11    Spells: 5/9 levels left

rFire    . . .     SeeInvis .   b - +1 dagger (venom)
rCold    . . .     Faith    .   (no shield)
rNeg     . . .     Spirit   .   (armour unavailable)
rPois    .         Reflect  .   (helmet restricted)
rElec    .         Harm     .   (no cloak)
rCorr    .         Rampage  .   (no gloves)
Will     .....                  e - +0 pair of boots
Stlth    +.........             (no amulet)
HPRegen  0.11/turn              (no ring)
MPRegen  0.11/turn              (no ring)

@: no status effects
A: unfitting armour, cold-blooded, AC +5
a: no special abilities


You were on level 2 of the Dungeon.
You visited 1 branch of the dungeon, and saw 2 of its levels.

You collected 77 gold pieces.

Inventory:

Hand Weapons
 b - a +1 dagger of venom (weapon)
Armour
 e - a +0 pair of boots (worn)
Scrolls
 a - 2 scrolls of identify {unknown}
 c - a scroll of teleportation {unknown}
 d - a scroll of remove curse {unknown}
Potions
 f - a potion of ambrosia {unknown}


   Skills:
 - Level 1.1 Fighting
 + Level 0.6 Short Blades
 - Level 1.7 Dodging
 - Level 3.0 Unarmed Combat
 + Level 3.3 Spellcasting
 + Level 3.4 Transmutations


You had 5 spell levels left.
You knew the following spells:

 Your Spells              Type           Power        Failure   Level
a - Beastly Appendage     Tmut           22%          4%          1
b - Spider Form           Tmut/Pois      3%           30%         3

Your spell library contained the following spells:

 Spells                   Type           Power        Failure   Level
 Wereblood                Tmut           11%          8%          2
 Ice Form                 Ice/Tmut       7%           71%         4
 Blade Hands              Tmut           5%           80%         5


Dungeon Overview and Level Annotations

Branches:
Dungeon (2/15)

Altars:


Innate Abilities, Weirdness & Mutations

Your plain brown scales are hard. (AC +5)
You cannot fit into any form of body armour.
You are cold-blooded and may be slowed by cold attacks.


Message History

Your kick misses the gnoll.
The gnoll is moderately wounded.
The gnoll closely misses you. The gnoll hits you but does no damage.
You barely miss the gnoll. You headbutt the gnoll!
You kill the gnoll!
The gnoll hits you from afar with a +0 spear!
You are too injured to fight recklessly!
You are too injured to fight recklessly!
The gnoll hits you with a +0 spear!
* * * LOW HITPOINT WARNING * * *
You see here a hobgoblin corpse.
You barely miss the gnoll. Your kick misses the gnoll.
Your horns disappear.
Your talons disappear.
Your +0 pair of boots unmelds from your body.
The gnoll misses you.
You hit the gnoll but do no damage.
The gnoll is poisoned.
You tail-slap the gnoll.
The gnoll is moderately wounded.
The gnoll hits you with a +0 spear.
You die...

##.............#
.....÷.<..#####
#########.# #.# #.#
.######.##
.........# #
#######..#######.###
#.......@g...#
#.....))........
###.#..###.#.###
#.÷....# .# #
#......# # ........#
###.........
#.....#### ....###


You could see a gnoll (very poisoned).

Vanquished Creatures
  Crazy Yiuf (D:2)
  3 gnolls (D:2)
  A dart slug (D:1)
  A leopard gecko (D:1)
  4 bats (D:1)
  4 goblins (D:1)
  3 hobgoblins
  3 jackals (D:1)
  A ball python (D:1)
  5 frilled lizards
  9 kobolds (D:1)
  A rat (D:2)
36 creatures vanquished.

Notes
Turn   | Place    | Note
-------+----------+-------------------------------------------
     0 | D:1      | nothank2 the Draconian Transmuter began the quest for the
                  | Orb.
     0 | D:1      | Reached XP level 1. HP: 16/16 MP: 3/3
   249 | D:1      | Reached XP level 2. HP: 23/23 MP: 3/5
  1025 | D:1      | Reached XP level 3. HP: 28/28 MP: 5/7
  1412 | D:1      | Learned a level 3 spell: Spider Form
  1436 | D:2      | Found a runed translucent door.
  1437 | D:2      | Noticed Crazy Yiuf
  1497 | D:2      | Killed Crazy Yiuf
  1700 | D:2      | Reached XP level 4. HP: 33/35 MP: 6/8
  1711 | D:2      | Slain by a gnoll

Illustrated notes

Levels and vault maps discovered:
D:1:      dpeg_arrival_long_road, layout_basic, serial_glass, glass_columns_b,
          glass_columns_a, bh_walls_and_bars
D:2:      layout_loops_ring, lightli_temple_of_fire,
          nicolae_overflow_crystal_walls, uniq_crazy_yiuf_cottage, uniq_natasha

Skill      XL: |  1  2  3 |
---------------+----------+-----
Spellcasting   | 3 |  3.3
Transmutations | 3 |  3.4
Fighting       | |  1.1
Short Blades   | |  0.6
Dodging        | |  1.7
Unarmed Combat | |  3.0

Action                   |  1- 3 |  4- 6 || total
-------------------------+-------+-------++-------
Melee: Unarmed           |    26 |       ||    26
       Kick              |    12 |     1 ||    13
       Headbutt          |     8 |     2 ||    10
       Tailslap          |     6 |     1 ||     7
       Dagger            |    56 |    11 ||    67
       Punch             |     2 |       ||     2
 Cast: Beastly Appendage |    19 |       ||    19
Armor: Skin              |    26 |     4 ||    30
Dodge: Dodged            |    59 |     5 ||    64
